 Dungeon Crawl Stone Soup version 0.31-a0-1-g4198be8af4 (webtiles) character file.

Game seed: 788890877097788243

12438 retardedninja the Spear-Bearer (level 11, 0/84 HPs)
             Began as a Gnoll Fire Elementalist on May 2, 2023.
             Was an Elder of Cheibriados.
             Slain by a blink frog (6 damage)
             ... while petrified by a catoblepas
             ... on level 2 of the Lair of Beasts.
             The game lasted 00:24:18 (18734 turns).

retardedninja the Spear-Bearer (GnFE)              Turns: 18734, Time: 00:24:18

Health: 0/84       AC:  4    Str: 18    XL:     11   Next: 93%
Magic:  19/23      EV:  2    Int: 29    God:    Cheibriados [****..]
Gold:   660        SH:  0    Dex: 28    Spells: 17/27 levels left

rFire   . . .        s - +1 spear (venom)
rCold   . . .        (no shield)
rNeg    + + +        a - +1 robe
rPois   ∞            (no helmet)
rElec   .            r - +0 cloak
rCorr   .            (no gloves)
SInv    .            (no boots)
Will    .....        k - amulet of reflection
Stlth   +++++        o - +6 ring of dexterity
HPRegen 0.34/turn    v - ring of wizardry
MPRegen 0.18/turn

%: reflection, wizardry (x1)
@: petrified, studying Polearms, invisible, very slow
A: fangs 1, strong nose, distributed training
a: Renounce Religion, Bend Time, Temporal Distortion, Slouch


You were on level 2 of the Lair of Beasts.
You worshipped Cheibriados.
Cheibriados was greatly pleased with you.
You visited 3 branches of the dungeon, and saw 13 of its levels.

You collected 660 gold pieces.

Inventory:

Hand Weapons
 s - a +1 spear of venom (weapon)
Missiles
 C - a throwing net
 F - 5 atropa-tipped darts
Armour
 a - a +1 robe (worn)
 r - a +0 cloak (worn)
Jewellery
 k - an amulet of reflection (around neck)
 n - an amulet of regeneration
 o - a +6 ring of dexterity (left hand)
 v - a ring of wizardry (right hand)
 z - a ring of protection from fire
Wands
 g - a wand of flame (13)
 h - a wand of charming (7)
 j - a wand of mindburst (5)
 B - a wand of iceblast (4)
 E - a wand of polymorph (2)
Scrolls
 c - a scroll of poison
 d - 2 scrolls of magic mapping
 e - 2 scrolls of fear
 m - 7 scrolls of teleportation
 p - a scroll of fog {unknown}
 y - a scroll of identify
 D - a scroll of amnesia
Potions
 b - 2 potions of mutation
 f - 4 potions of might
 i - a potion of brilliance
 l - 4 potions of curing
 q - 2 potions of magic
 t - 2 potions of ambrosia
 w - a potion of berserk rage
 x - a potion of heal wounds
 A - a potion of lignification {unknown}


   Skills:
 + Level 7.0 Fighting
 + Level 7.0 Short Blades
 + Level 7.0 Long Blades
 + Level 7.0 Axes
 + Level 7.0 Maces & Flails
 + Level 9.8 Polearms
 + Level 7.0 Staves
 + Level 7.0 Ranged Weapons
 + Level 7.0 Throwing
 + Level 7.0 Armour
 + Level 8.4 Dodging
 + Level 8.2 Stealth
 + Level 7.0 Shields
 + Level 7.0 Unarmed Combat
 + Level 8.7 Spellcasting
 + Level 6.2 Conjurations
 + Level 5.8 Hexes
 + Level 5.8 Summonings
 + Level 5.8 Necromancy
 + Level 5.8 Translocations
 + Level 5.8 Transmutations
 + Level 8.1 Fire Magic
 + Level 5.8 Ice Magic
 + Level 5.8 Air Magic
 + Level 5.8 Earth Magic
 + Level 5.8 Poison Magic
 + Level 7.7 Invocations
 + Level 7.0 Evocations


You had 17 spell levels left.
You knew the following spells:

 Your Spells              Type           Power      Damage    Failure   Level
a - Foxfire               Conj/Fire      100%       2x1d9     1%          1
b - Scorch                Fire           100%       2d9       1%          2
c - Flame Wave            Conj/Fire      53%        2d13      1%          4
d - Inner Flame           Hex/Fire       52%        N/A       1%          3

Your spell library contained the following spells:

 Spells                   Type           Power      Damage    Failure   Level
 Magic Dart               Conj           100%       1d8       1%          1
 Necrotise                Necr           100%       1d9       1%          1
 Slow                     Hex            100%       N/A       1%          1
 Call Imp                 Summ           92%        N/A       1%          2
 Cigotuvi's Dreadful Rot  Necr/Pois/Air  92%        N/A       1%          2
 Confusing Touch          Hex            46%        N/A       1%          3
 Ignite Poison            Fire/Tmut/Pois 50%        N/A       1%          3
 Mephitic Cloud           Conj/Pois/Air  47%        N/A       1%          3
 Ozocubu's Armour         Ice            46%        N/A       1%          3
 Vampiric Draining        Necr           46%        2d9       1%          3
 Volatile Blastmotes      Fire/Tloc      100%       2d18      1%          3
 Animate Dead             Necr           46%        N/A       1%          4
 Leda's Liquefaction      Hex/Erth       23%        N/A       1%          4
 Passage of Golubria      Tloc           46%        N/A       1%          4
 Sticky Flame             Conj/Fire      53%        2d7       1%          4
 Agony                    Necr           46%        N/A       4%          5
 Borgnjor's Vile Clutch   Necr/Erth      23%        N/A       4%          5
 Freezing Cloud           Conj/Ice/Air   23%        6-21      4%          5
 Lee's Rapid Deconstruct  Erth           23%        3d13*     4%          5
 Metabolic Englaciation   Hex/Ice        23%        N/A       4%          5
 Silence                  Hex/Air        23%        N/A       4%          5
 Death Channel            Necr           23%        N/A       24%         6
 Simulacrum               Ice/Necr       23%        N/A       24%         6
 Statue Form              Tmut/Erth      30%        N/A       24%         6
 Lehudib's Crystal Spear  Conj/Erth      23%        10d7      100%        8


Dungeon Overview and Level Annotations

Branches:
Dungeon (10/15)            Temple (1/1) D:6            Lair (2/5) D:10
    Orc (0/2) D:10
  Swamp: Lair:2-3    Shoals: Lair:2-3     Snake: Lair:2-3    Spider: Lair:2-3

Altars:
Ashenzari
Cheibriados
Dithmenos
Elyvilon
Fedhas
Gozag
Hepliaklqana
Kikubaaqudgha
Makhleb
Nemelex Xobeh
Okawaru
Qazlal
Ru
Sif Muna
Trog
Uskayaw
Vehumet
Wu Jian
Xom
Yredelemnul
Zin
The Shining One

Shops:
D:5 :   D:7 ?

Annotations:
D:6 2 runed translucent doors, Crazy Yiuf; qeuew's ghost, amateur SpEn
D:10 2 runed translucent doors, Jeffwins's ghost, journeyman OpNe


Innate Abilities, Weirdness & Mutations

You have very sharp teeth.
Your uncanny sense of smell can sniff out nearby items.
Your experience applies equally to all skills.


Message History

The flame wave engulfs the blink frog!
The blink frog is moderately wounded.
The flame wave engulfs the plant!!
The plant is lightly damaged.
You finish channelling waves of flame.
You are slowing down.
The blink frog blinks!
The catoblepas gores you!!
Unknown command.
Your limbs have turned to stone.
A nearby plant withers and dies.
You block the blink frog's attack. The blink frog barely misses you.
The blink frog hits you. The catoblepas misses you.
You have turned to stone.
The blink frog blinks!
The catoblepas gores you. The blink frog hits you! The blink frog hits you.
The blink frog blinks! x2
The blink frog hits you but does no damage.
The catoblepas breathes a plume of calcifying dust at you.
The blast of calcifying dust hits you! The blink frog barely misses you.
The blink frog hits you. The cane toad stings you!!
The catoblepas breathes a plume of calcifying dust at you.
The blast of calcifying dust hits you! The basilisk bites you!
The blink frog hits you. The blink frog hits you!
The blink frog barely misses you. The catoblepas gores you.
The basilisk bites you!
* * * LOW HITPOINT WARNING * * *
The blink frog blinks!
The blink frog hits you.
* * * LOW HITPOINT WARNING * * *
The blink frog hits you.
* * * LOW HITPOINT WARNING * * *
The blink frog blinks!
The catoblepas breathes a plume of calcifying dust at you.
The blast of calcifying dust hits you.
* * * LOW HITPOINT WARNING * * *
The basilisk gazes at you. You resist with some effort.
The cane toad stings you!
* * * LOW HITPOINT WARNING * * *
The blink frog hits you!
* * * LOW HITPOINT WARNING * * *
The blink frog hits you!
You die...

........##.P# ....
........# ...# #..
~......#.# ##.### #...
.......######....###....
.........##......#.....#
..P..................§P#
...♣..............F...##
...###..#.##.!..lF......
... ##...####§§.@Y......
### #P...P##....FF......
#.....##............
##...........###..F..
##....###.....# .....
###..P..####..?.. ....
....P#P..# #.P..#. ...
##.......# #.#..... ...
###..#P..#.


You could see a catoblepas (unable to see you), a cane toad (unable to see you),
a basilisk (unable to see you) and 4 blink frogs.

Vanquished Creatures
  A two-headed ogre (D:10)
  Pikel (D:6)
  3 elephants (Lair:1)
  3 cane toads
  3 komodo dragons
  Grinder (D:6)
  Prince Ribbit (D:7)
  A polar bear (Lair:1)
  10 blink frogs
  A shadow (D:10)
  9 yaks
  A basilisk (Lair:1)
  Menkaure (D:6)
  Edmund (D:5)
  2 acid dragons
  6 water moccasins
  2 black bears
  5 orc warriors
  2 sky beasts
  2 ogres
  3 centaurs
  A kobold brigand (D:7)
  A gnoll sergeant (D:6)
  7 scorpions
  3 bullfrogs
  11 killer bees
  5 howler monkeys
  2 jellies
  7 hounds
  5 orc priests
  8 iguanas
  A sleepcap (D:6)
  3 orc wizards
  5 adders
  8 gnolls
  2 shadow imps
  A white imp (D:5)
  3 ufetubi
  3 worms
  3 dart slugs
  47 orcs
  5 endoplasms
  5 giant cockroaches
  4 goblins
  10 hobgoblins
  4 jackals (D:4)
  3 quokkas
  7 ball pythons
  6 bats
  3 frilled lizards (D:1)
  11 kobolds
  6 rats
249 creatures vanquished.

Vanquished Creatures (collateral kills)
  21 foxfires
21 creatures vanquished.

Vanquished Creatures (others)
  A quokka (D:4)
  985 foxfires
  11 fungi
  13 plants
1010 creatures vanquished.

Grand Total: 1280 creatures vanquished

Notes
Turn   | Place    | Note
-------+----------+-------------------------------------------
     0 | D:1      | retardedninja the Gnoll Fire Elementalist began the quest
                  | for the Orb.
     0 | D:1      | Reached XP level 1. HP: 13/13 MP: 6/6
   246 | D:1      | Reached XP level 2. HP: 19/19 MP: 2/7
  1321 | D:1      | Reached skill level 5 in Spellcasting
  1321 | D:1      | Reached XP level 3. HP: 20/25 MP: 2/9
  1948 | D:2      | Reached skill level 1 in Invocations
  2073 | D:2      | Reached skill level 1 in Fighting
  2073 | D:2      | Reached skill level 1 in Short Blades
  2073 | D:2      | Reached skill level 1 in Long Blades
  2073 | D:2      | Reached skill level 1 in Axes
  2073 | D:2      | Reached skill level 1 in Maces & Flails
  2073 | D:2      | Reached skill level 1 in Polearms
  2073 | D:2      | Reached skill level 1 in Staves
  2073 | D:2      | Reached skill level 1 in Ranged Weapons
  2073 | D:2      | Reached skill level 1 in Throwing
  2073 | D:2      | Reached skill level 1 in Armour
  2073 | D:2      | Reached skill level 1 in Shields
  2073 | D:2      | Reached skill level 1 in Unarmed Combat
  2073 | D:2      | Reached skill level 1 in Evocations
  2217 | D:2      | Learned a level 2 spell: Scorch
  2418 | D:2      | Reached XP level 4. HP: 32/32 MP: 9/11
  2580 | D:2      | You fall into a shaft and drop 2 floors!
  2588 | D:4      | Found a white marble altar of Elyvilon.
  2604 | D:4      | Reached skill level 1 in Hexes
  2604 | D:4      | Reached skill level 1 in Summonings
  2604 | D:4      | Reached skill level 1 in Necromancy
  2604 | D:4      | Reached skill level 1 in Translocations
  2604 | D:4      | Reached skill level 1 in Transmutations
  2604 | D:4      | Reached skill level 1 in Ice Magic
  2604 | D:4      | Reached skill level 1 in Air Magic
  2604 | D:4      | Reached skill level 1 in Earth Magic
  2604 | D:4      | Reached skill level 1 in Poison Magic
  2625 | D:4      | Noticed a scorpion
  2633 | D:4      | Killed a scorpion
  2634 | D:4      | Reached XP level 5. HP: 27/37 MP: 8/12
  2973 | D:4      | Reached XP level 6. HP: 38/44 MP: 2/13
  2976 | D:4      | Reached skill level 5 in Dodging
  3097 | D:3      | Reached skill level 2 in Polearms
  4262 | D:3      | Found a bloodstained altar of Trog.
  4308 | D:3      | Learned a level 4 spell: Flame Wave
  4312 | D:3      | Learned a level 3 spell: Inner Flame
  5481 | D:5      | Entered Level 5 of the Dungeon
  5490 | D:5      | Reached XP level 7. HP: 51/51 MP: 11/15
  5765 | D:5      | Identified the +4 dagger "Ygitze" {antimagic, rC+}
  5830 | D:5      | Reached skill level 3 in Polearms
  5830 | D:5      | Reached skill level 5 in Stealth
  5916 | D:5      | Found a snail-covered altar of Cheibriados.
  5922 | D:5      | Found a glowing silver altar of Zin.
  5970 | D:5      | Became a worshipper of Cheibriados the Contemplative
  6278 | D:5      | Noticed Edmund
  6289 | D:5      | Killed Edmund
  6290 | D:5      | Reached XP level 8. HP: 58/58 MP: 7/16
  6488 | D:5      | Reached skill level 4 in Polearms
  6756 | D:5      | Found a sacrificial altar of Ru.
  6840 | D:5      | Found Cimm's Tremendous Tomes.
  7322 | D:6      | Found a runed translucent door.
  7328 | D:6      | Noticed qeuew's ghost (amateur SpEn)
  7417 | D:6      | Reached * piety under Cheibriados
  7753 | D:6      | Noticed Menkaure
  7760 | D:6      | Killed Menkaure
  7902 | D:6      | Found a staircase to the Ecumenical Temple.
  7921 | D:6      | Found a runed translucent door.
  7938 | Temple   | Entered the Ecumenical Temple
  8650 | D:6      | Noticed Crazy Yiuf
  8724 | D:6      | Reached skill level 5 in Polearms
  8816 | D:6      | Noticed Grinder
  8828 | D:6      | Killed Grinder
  8829 | D:6      | Reached XP level 9. HP: 65/65 MP: 8/18
  8997 | D:6      | Found an opulent altar of Gozag.
  9429 | D:7      | Noticed Pikel
  9449 | D:6      | Killed Pikel
  9450 | D:6      | Reached skill level 6 in Polearms
  9715 | D:7      | Reached skill level 5 in Invocations
  9867 | D:7      | Reached ** piety under Cheibriados
 10081 | D:7      | Found an ornate altar of the Wu Jian Council.
 10592 | D:7      | Noticed Prince Ribbit
 10603 | D:7      | Killed Prince Ribbit
 10604 | D:7      | Reached skill level 5 in Fighting
 10604 | D:7      | Reached skill level 5 in Short Blades
 10604 | D:7      | Reached skill level 5 in Long Blades
 10604 | D:7      | Reached skill level 5 in Axes
 10604 | D:7      | Reached skill level 5 in Maces & Flails
 10604 | D:7      | Reached skill level 5 in Staves
 10604 | D:7      | Reached skill level 5 in Ranged Weapons
 10604 | D:7      | Reached skill level 5 in Throwing
 10604 | D:7      | Reached skill level 5 in Armour
 10604 | D:7      | Reached skill level 5 in Shields
 10604 | D:7      | Reached skill level 5 in Unarmed Combat
 10604 | D:7      | Reached skill level 5 in Evocations
 10604 | D:7      | Reached XP level 10. HP: 56/74 MP: 11/20
 10734 | D:7      | Found a glowing golden altar of the Shining One.
 10896 | D:7      | Found Toehuir's Magic Scroll Shop.
 10996 | D:7      | Reached skill level 7 in Polearms
 11160 | D:8      | Found a broken altar of Ashenzari.
 11397 | D:8      | Reached skill level 5 in Conjurations
 12072 | D:8      | Identified the +3 ring mail of the Painted Turtledove
                  | {+Blink rElec rC+++ Will-}
 12308 | D:9      | Reached *** piety under Cheibriados
 13071 | D:9      | Found an iron altar of Okawaru.
 13211 | D:10     | Entered Level 10 of the Dungeon
 13357 | D:10     | Noticed a two-headed ogre
 13363 | D:10     | Killed a two-headed ogre
 13364 | D:10     | Reached skill level 8 in Polearms
 13439 | D:10     | Found a large runed translucent door.
 13440 | D:10     | Found a large runed translucent door.
 13442 | D:10     | Noticed Jeffwins's ghost (journeyman OpNe)
 14202 | D:10     | Reached **** piety under Cheibriados
 14289 | D:10     | Found a staircase to the Orcish Mines.
 14647 | D:10     | Reached skill level 5 in Hexes
 14647 | D:10     | Reached skill level 5 in Summonings
 14647 | D:10     | Reached skill level 5 in Necromancy
 14647 | D:10     | Reached skill level 5 in Translocations
 14647 | D:10     | Reached skill level 5 in Transmutations
 14647 | D:10     | Reached skill level 5 in Ice Magic
 14647 | D:10     | Reached skill level 5 in Air Magic
 14647 | D:10     | Reached skill level 5 in Earth Magic
 14647 | D:10     | Reached skill level 5 in Poison Magic
 14655 | D:10     | Reached XP level 11. HP: 77/81 MP: 11/22
 14740 | D:10     | Found a staircase to the Lair.
 14989 | Lair:1   | Entered Level 1 of the Lair of Beasts
 16419 | Lair:1   | Reached skill level 9 in Polearms
 18713 | Lair:2   | Noticed a catoblepas
 18734 | Lair:2   | Slain by a blink frog

Illustrated notes

Levels and vault maps discovered:
D:1:      lightli_arrival_windingriver, layout_basic, serial_forest,
          infiniplex_forest_end_3, infiniplex_forest_lined_3,
          infiniplex_forest_lined_ring, infiniplex_forest_clump_diagonal,
          infiniplex_forest_diagonal, infiniplex_forest_side_room,
          infiniplex_forest_zigzag_2, st_stairs_14
D:2:      layout_basic
D:3:      layout_loops_ring, trog_book
D:4:      layout_loops_cross, elyvilon_altar_4, minmay_misc_feat_cross,
          cheibrodos_gnoll_hut
D:5:      layout_rooms, lemuel_crystal_altar,
          mainiacjoe_overflow_concentric_impassable, hangedman_ru_absence,
          serial_glass, glass_columns_c, glass_columns_b, glass_columns_c,
          glass_columns_a, glass_columns_a, glass_columns_b, glass_columns_a,
          glass_columns_a, glass_columns_b, glass_columns_a, glass_columns_c,
          glass_columns_a, glass_columns_c, glass_columns_a, grunt_ministairs_5,
          nicolae_shop_i_like_big_books, kennysheep_generic_room_7, uniq_edmund
D:6:      layout_loops_corners, nicolae_gozag_seed_capital, temple_doors_e,
          ebering_ghost_reflecting_pool, uniq_grinder, uniq_menkaure,
          uniq_crazy_yiuf_cottage
D:7:      minmay_angry_zag, layout_loops_ring, mainiacjoe_overflow_tiny_flanked,
          mainiacjoe_overflow_alcove_1, serial_shops,
          nicolae_shop_rolling_square, minmay_misc_feat_more_columns,
          uniq_pikel, uniq_prince_ribbit1
D:8:      layout_basic, mainiacjoe_overflow_catwalk
D:9:      layout_roguey, mainiacjoe_overflow_six_doors_small, serial_rivers,
          chequers_serial_rivers_room_b, chequers_serial_rivers_micro_c,
          chequers_serial_rivers_micro_e, chequers_serial_rivers_small_a,
          chequers_serial_rivers_room_b
D:10:     layout_long_grid, lair_entry_dummy, orc_0_dummy,
          ebering_ghost_disaster_area, special_room [special_room_orc]
Temple:   nicolae_temple_bog_church
Lair:1:   layout_cave_pods
Lair:2:   layout_layer_cave, grunt_forest_small_clearings

Skill      XL: |  1  2  3  4  5  6  7  8  9 10 11 |
---------------+----------------------------------+-----
Conjurations   | 2 3 4 5 6 |  6.2
Spellcasting   | 5 6 7 8 |  8.7
Invocations    | 1 2 3 4 5 6 7 |  7.7
Fighting       | 1 2 3 4 5 6 7 |  7.0
Short Blades   | 1 2 3 4 5 6 7 |  7.0
Long Blades    | 1 2 3 4 5 6 7 |  7.0
Axes           | 1 2 3 4 5 6 7 |  7.0
Maces & Flails | 1 2 3 4 5 6 7 |  7.0
Polearms       | 1 2 3 5 6 8 9 |  9.8
Staves         | 1 2 3 4 5 6 7 |  7.0
Ranged Weapons | 1 2 3 4 5 6 7 |  7.0
Throwing       | 1 2 3 4 5 6 7 |  7.0
Armour         | 1 2 3 4 5 6 7 |  7.0
Shields        | 1 2 3 4 5 6 7 |  7.0
Unarmed Combat | 1 2 3 4 5 6 7 |  7.0
Evocations     | 1 2 3 4 5 6 7 |  7.0
Hexes          | 1 2 3 4 5 |  5.8
Summonings     | 1 2 3 4 5 |  5.8
Necromancy     | 1 2 3 4 5 |  5.8
Translocations | 1 2 3 4 5 |  5.8
Transmutations | 1 2 3 4 5 |  5.8
Ice Magic      | 1 2 3 4 5 |  5.8
Air Magic      | 1 2 3 4 5 |  5.8
Earth Magic    | 1 2 3 4 5 |  5.8
Poison Magic   | 1 2 3 4 5 |  5.8
Dodging        | 5 6 7 8 |  8.4
Stealth        | 5 6 7 8 |  8.2
Fire Magic     | 6 7 8 |  8.1

Action                     |  1- 3 |  4- 6 |  7- 9 | 10-12 || total
---------------------------+-------+-------+-------+-------++-------
  Melee: Short sword       |     5 |       |       |       ||     5
         Whip              |     1 |     4 |       |       ||     5
         Spear             |       |       |     5 |    25 ||    30
         Bite              |       |       |       |     3 ||     3
   Cast: Foxfire           |    99 |    92 |   196 |   210 ||   597
         Scorch            |       |    21 |    40 |    83 ||   144
         Flame Wave        |       |     1 |     4 |    19 ||    24
  Evoke: Wand              |       |       |       |     3 ||     3
    Use: Potion            |       |     1 |     2 |     4 ||     7
         Scroll            |       |     8 |     7 |     7 ||    22
 Armour: Robe              |     4 |     6 |    23 |    23 ||    56
  Dodge: Dodged            |    20 |    21 |   135 |   188 ||   364
  Block: Other             |       |     9 |    55 |    62 ||   126
         Reflection        |       |     1 |     4 |     3 ||     8

Table legend: (Time is in decaauts)
 A = Elapsed time spent in this place.
 B = Non-inter-level travel time spent in this place.
 C = Inter-level travel time spent in this place.
 D = Time resting spent in this place.
 E = Time spent auto-exploring this place.
 F = Levels seen in this place.
 G = Mean time per level.
                   A        B        C        D        E       F      G
               +--------+--------+--------+--------+--------+-----+--------+
         Total |  21858 |  20312 |   1546 |   4855 |  12815 |  13 | 1681.4 |
       Dungeon |  17650 |  16260 |   1390 |   3215 |  10917 |  10 | 1765.0 |
        Temple |    262 |    245 |     17 |      0 |    231 |   1 |  262.0 |
          Lair |   3945 |   3807 |    138 |   1640 |   1667 |   2 | 1972.5 |
               +--------+--------+--------+--------+--------+-----+--------+

Top non-repeatable levels by time:
  Lair:1: 3143 daAuts
     D:6: 2786 daAuts
    D:10: 2385 daAuts
     D:7: 1952 daAuts
     D:5: 1911 daAuts
     D:1: 1786 daAuts
     D:8: 1694 daAuts
     D:4: 1365 daAuts
     D:3: 1313 daAuts
     D:2: 1267 daAuts
     D:9: 1187 daAuts
  Lair:2: 802 daAuts
  Temple: 262 daAuts
